[Event "*** Titled Tuesday Blitz"]
[Site "Chess.com"]
[Date "2020.05.19"]
[Round "4"]
[White "FMalexhdez"]
[Black "quesfr"]
[Result "0-1"]
[WhiteElo "2046"]
[BlackElo "2276"]
[TimeControl "180+1"]
[EndTime "12:41:01 PDT"]
[Termination "quesfr won by resignation"]

1. e4 e6 2. d4 d5 3. Nd2 dxe4 4. Nxe4 Nd7 5. Nf3 Ngf6 6. Ng3 c5 7. c3 cxd4 8. Nxd4 Bc5 9. Be2 O-O 10. O-O h6 11.
Be3 Nd5 12. Bd2 Ne5 13. Ne4 Bb6 14. Nb5 Bd7 15. c4 Nf6 16. Nxf6+ Qxf6 17. Bc3 Bxb5 18. cxb5 Rad8 19. Qc2 Bd4 20. Rad1 Bxc3 21. Qxc3 Nd7 22. Bf3 b6 23. Rd4 Nc5 24. Rfd1 Rxd4 25. Qxd4 e5 26.
Qd5 Re8 27. b4 Ne6 28. Qc6 Rd8 29. Rxd8+ Qxd8 30. g3 Nd4 31. Qd5 Qxd5 32. Bxd5 Nxb5 33. a4 Nc7 34. Bb3 Kf8 35. Kg2 Ke7 36. Kf3 f5 37. Ke3 Kd6 38. f3 a5 39. b5 Ne6 40. Kd3 Nc5+ 41. Kc4 Nxb3 42. Kxb3 Kd5 43. Kc3 e4 44. fxe4+ fxe4 45. g4 g6 46. h4 h5 47. gxh5 gxh5 0-1

[Event "*** Titled Tuesday Blitz"]
[Site "Chess.com"]
[Date "2020.05.19"]
[Round "4"]
[White "OMGCovid-19"]
[Black "AlanZhang"]
[Result "0-1"]
[WhiteElo "1840"]
[BlackElo "2203"]
[TimeControl "180+1"]
[EndTime "12:41:01 PDT"]
[Termination "AlanZhang won by resignation"]

1. d4 Nf6 2. Nf3 d5 3. Bg5 e6 4. Nbd2 Be7 5. e3 O-O 6. Bd3 Nbd7 7. O-O b6 8. c3 Bb7 9. Ne5 c5 10. f4 h6 11. Bh4 Nxe5 12. fxe5 Ne4 13. Bxe7 Qxe7 14. Bxe4 dxe4 15. Qg4 cxd4 16. cxd4 Qb4 17.
Nxe4 Bxe4 18. Qxe4 Qxb2 19. Qb7 Qc3 20. Rae1 Qc8 21.
Qf3 Qa6 22. Rf2 Rac8 23. Ref1 Rc7 24. e4 Re8 25. Qb3 Qb7 26. d5 exd5 27. exd5 Rxe5 28.
d6 Rd7 29. Qg3 Rg5 30. Qf3 Qxf3 31. Rxf3 Rg6 32. Re3 Rgxd6 33. Re8+ Kh7 34. Rfe1 Rd2 35. Ra8 Rxa2 36. h3 Rdd2 37. Ree8 Rxg2+ 38. Kf1 Rgb2 39. Rh8+ Kg6 40. Rhe8 Rf2+ 41. Kg1 Rg2+ 42. Kf1 Rh2 43. Kg1 Rxh3 44. Rf8 Rg3+ 45. Kf1 Rb3 46. Rfe8 Rb1+ 47.
Re1 Rxe1+ 0-1

[Event "*** Titled Tuesday Blitz"]
[Site "Chess.com"]
[Date "2020.05.19"]
[Round "4"]
[White "1977Ivan"]
[Black "YQPerez"]
[Result "1/2-1/2"]
[WhiteElo "2628"]
[BlackElo "2936"]
[TimeControl "180+1"]
[EndTime "12:41:02 PDT"]
[Termination "Game drawn by agreement"]

1. d4 d5 2. c4 e6 3. Nf3 Nf6 4. g3 Be7 5. Bg2 O-O 6. Nc3 dxc4 7. Ne5 Nc6 8. Bxc6 bxc6 9. Nxc6 Qe8 10. Nxe7+ Qxe7 11. Qa4 e5 12. dxe5 Qxe5 13. Qxc4 Be6 14. Qf4 Qh5 15.
Qh4 Qf5 16. O-O Rab8 17. f3 Rfd8 18. g4 Qc5+ 19. Qf2 Qc6 20. Bg5 Rxb2 21. Bxf6 gxf6 22. Rac1 Qb6 23. Ne4 Rxe2 24. Nxf6+ Kg7 25. Nh5+ Kf8 26. Qc5+ Qxc5+ 27. Rxc5 Rdd2 28. Nf4 Rxh2 29. Rxc7 Rxa2 30. Rd1 Bb3 31. Rd8+ Kg7 32. Rd6 Rhd2 33. Nh5+ Kf8 34. Rxd2 Rxd2 35. Rxa7 Bd5 36. Ra3 h6 37. Nf4 Bc6 38.
Nh5 Rc2 39. Re3 Bd5 40. Ng3 Be6 41. Re2 Rxe2 42. Nxe2 Kg7 43. Ng3 Kg6 44. Kf2 f5 1/2-1/2

[Event "*** Titled Tuesday Blitz"]
[Site "Chess.com"]
[Date "2020.05.19"]
[Round "4"]
[White "jtayar88"]
[Black "GMCarbone"]
[Result "1-0"]
[WhiteElo "2552"]
[BlackElo "2321"]
[TimeControl "180+1"]
[EndTime "12:41:02 PDT"]
[Termination "jtayar88 won by checkmate"]

1. e4 c5 2. Nf3 Nc6 3. Nc3 e6 4. d4 cxd4 5. Nxd4 Qc7 6. Be3 a6 7. Qd2 Nf6 8. O-O-O Bb4 9. f3 Ne5 10. Nb3 b5 11. Qe1 Be7 12. f4 Ng6 13. e5 Ng4 14. Bd2 h5 15. Ne4 Bb7 16. Bd3 Nh6 17. Kb1 Nf5 18. Rf1 Rc8 19. Ba5 Qb8 20. Bb4 O-O 21. Bxe7 Ngxe7 22. Nd6 Nxd6 23. exd6 Nf5 24. Qe2 g6 25. g4 hxg4 26. Qxg4 Kg7 27. Rg1 Qa8 28. Bxf5 Bf3 29. Qg5 exf5 30. Rd2 Rfe8 31. Nd4 Rc5 32. h4 Qe4 33. h5 Qe1+ 34. Rd1 Bxd1 35. h6+ Kh7 36.
Rxe1 Rxe1 37. b4 Bxc2+ 38. Kb2 Rb1+ 39. Ka3 Rc3+ 40. Nb3 Bxb3 41. axb3 Rc2 42. Qf6 Kxh6 43. Qh8# 1-0

[Event "*** Titled Tuesday Blitz"]
[Site "Chess.com"]
[Date "2020.05.19"]
[Round "4"]
[White "alenee"]
[Black "olksuna"]
[Result "1-0"]
[WhiteElo "2433"]
[BlackElo "2567"]
[TimeControl "180+1"]
[EndTime "12:41:03 PDT"]
[Termination "alenee won on time"]

1. e4 c5 2. Nf3 Nc6 3. d4 cxd4 4. Nxd4 Nf6 5. Nc3 e5 6. Ndb5 d6 7. Bg5 a6 8. Na3 b5 9. Nd5 Be7 10. Bxf6 Bxf6 11. c3 Bg5 12. Nc2 Rb8 13. Be2 O-O 14. O-O Be6 15. Ncb4 Nxb4 16. Nxb4 Qb6 17. Qd3 a5 18.
Nd5 Qb7 19. Rad1 b4 20. cxb4 axb4 21. Qg3 Bh6 22. Bc4 Kh8 23. Bb3 Qa7 24. Qh4 f5 25. exf5 Bxf5 26. Kh1 Qc5 27. Qe7 Rbe8 28. Qc7 Qxc7 29.
Nxc7 Rc8 30. Nb5 Bc2 31. Rxd6 Bxb3 32. axb3 Rc2 33. f3 Rxb2 34. Re6 Rxb3 35. Rxe5 Bf4 36. Re4 g5 37. g3 Bb8 38. Kg2 Rb2+ 39. Rf2 Rb1 40. Nd4 h6 41. Re6 Kh7 42. Rd2 Ba7 43. Kh3 Bxd4 44. Rxd4 Rxf3 45. Rd7+ Kg8 46. Rxh6 Rf7 47. Rg6+ Kf8 48. Rxf7+ Kxf7 49. Rxg5 b3 50. Rb5 b2 51. g4 Kg6 52. Kh4 Kh6 53. Rb6+ Kg7 54. Kh5 Kf7 55. g5 Kg7 56. Rb7+ Kf8 57.
Kh6 Ke8 58. g6 1-0

[Event "*** Titled Tuesday Blitz"]
[Site "Chess.com"]
[Date "2020.05.19"]
[Round "4"]
[White "Bigfish1995"]
[Black "maciek_92"]
[Result "1-0"]
[WhiteElo "2989"]
[BlackElo "2737"]
[TimeControl "180+1"]
[EndTime "12:41:04 PDT"]
[Termination "Bigfish1995 won by resignation"]

1. e4 c5 2. Nf3 Nc6 3. d4 cxd4 4.
Nxd4 e6 5. Nc3 a6 6. g3 Nge7 7. Nb3 h5 8. h4 Na5 9. Be2 b5 10.
Bxh5 b4 11. Na4 Bb7 12. Nac5 Bc6 13. Bg5 Nxb3 14. axb3 Qb6 15. Be3 Nf5 16. Nxd7 Qc7 17. exf5 Qxd7 18. O-O Qxd1 19. Bxd1 exf5 20. Re1 Kd7 21.
Be2 Bd6 22. Rad1 Kc7 23. Bb6+ Kxb6 24. Rxd6 Rae8 25. f4 a5 26. Kf2 Kc5 27. Red1 Re6 28. Rd8 Rxd8 29. Rxd8 Be4 30. c3 Rb6 31. Rc8+ Kd6 32. c4 Rc6 33. Ra8 Rc5 34. Ra7 Ke6 35. Ke3 g6 36. Kd4 Rc6 37. Rxa5 Rd6+ 38. Ke3 Rc6 39.
Re5+ Kf6 40. Rb5 Re6 41. Kf2 Bc2 42. Rxb4 Kg7 43. c5 Rc6 44. Rb5 Be4 45. b4 Bd5 46.
Bf3 Bxf3 47. Kxf3 1-0

[Event "*** Titled Tuesday Blitz"]
[Site "Chess.com"]
[Date "2020.05.19"]
[Round "4"]
[White "Shuvalov"]
[Black "tteshan"]
[Result "1-0"]
[WhiteElo "2419"]
[BlackElo "2219"]
[TimeControl "180+1"]
[EndTime "12:41:04 PDT"]
[Termination "Shuvalov won by checkmate"]

1. Nf3 c5 2. c4 g6 3. g3 Bg7 4.
Bg2 Nc6 5. O-O e6 6. e3 Nge7 7. d4 cxd4 8. exd4 O-O 9. d5 Ne5 10. Nxe5 Bxe5 11. Nc3 d6 12. Bh6 Re8 13. Ne4 exd5 14.
cxd5 Nf5 15. Bg5 f6 16. Bc1 Qb6 17. a4 Bd7 18. a5 Qc7 19. Re1 Rac8 20. Re2 Nd4 21.
Rd2 Qc4 22. f4 Nb3 23. fxe5 Nxa1 24. Nxf6+ Kh8 25. Nxd7 Qxc1 26. e6 Qxd1+ 27. Rxd1 Nc2 28. Nf6 Ne3 29. Re1 Nxg2 30. Kxg2 Re7 31. Ne4 Rd8 32.
Rc1 Kg7 33. Kf3 Rf8+ 34. Ke3 h5 35. h4 Rd8 36. Kd4 b6 37. a6 Rf8 38. Rc6 Rf1 39.
Rxd6 Rd1+ 40. Ke5 Kf8 41. Rd8+ Re8 42. Rd7 Re7 43. Rb7 Re8 44. Rf7+ Kg8 45. Nf6+ Kh8 46. Rh7# 1-0

[Event "*** Titled Tuesday Blitz"]
[Site "Chess.com"]
[Date "2020.05.19"]
[Round "4"]
[White "Mimsychess"]
[Black "spela91"]
[Result "1-0"]
[WhiteElo "2256"]
[BlackElo "2026"]
[TimeControl "180+1"]
[EndTime "12:41:04 PDT"]
[Termination "Mimsychess won on time"]

1. e4 c5 2. Nf3 Nc6 3. Bb5 e6 4. d4 cxd4 5. Nxd4 Nge7 6. O-O a6 7. Nxc6 Nxc6 8. Bd3 Bc5 9. Nc3 O-O 10. Kh1 b5 11. f4 Bb7 12. Qh5 Be7 13. e5 g6 14. Qh6 Nd4 15. Be3 Nf5 16. Bxf5 gxf5 17. Rad1 Kh8 18. Rf2 Rg8 19. Rfd2 Rg6 20. Qh3 Bc6 21. Kg1 Qg8 22. g3 f6 23. Bd4 Rb8 24. exf6 Bxf6 25. Bxf6+ Rxf6 26. Ne2 Rf7 27. Nd4 Ba8 28. Qh4 Qc8 29. Qh5 Kg8 30. Qg5+ Rg7 31. Qf6 Qb7 32. Kf2 Qg2+ 33.
Ke1 Qh1+ 34. Ke2 Qe4+ 35. Kf2 Rf8 36. Qe5 Qg2+ 37. Ke1 Qh1+ 38. Ke2 Qe4+ 39. Qxe4 Bxe4 40. Nf3 d5 41. c3 1-0

[Event "*** Titled Tuesday Blitz"]
[Site "Chess.com"]
[Date "2020.05.19"]
[Round "4"]
[White "kirillshevchenko"]
[Black "Gajuchess"]
[Result "1-0"]
[WhiteElo "2934"]
[BlackElo "2729"]
[TimeControl "180+1"]
[EndTime "12:41:05 PDT"]
[Termination "kirillshevchenko won on time"]

1. e4 e5 2. Nf3 Nc6 3. Bb5 Nf6 4. O-O Nxe4 5. d4 Nd6 6. Bxc6 dxc6 7. dxe5 Nf5 8. Qxd8+ Kxd8 9. Nc3 a5 10. h3 a4 11.
Rd1+ Ke8 12. a3 h6 13. Bf4 Ne7 14. Rd2 Ng6 15. Bh2 Be7 16. Rad1 Be6 17. Nd4 Nf8 18. f4 Bc5 19. Ne4 Bb6 20. g4 h5 21. f5 Bd5 22.
Ng5 hxg4 23. hxg4 f6 24. exf6 gxf6 25. Re1+ Kd7 26. Ne4 Nh7 27. Kf1 Rae8 28. Ne6 Kc8 29. Nc3 Bc4+ 30. Kg2 Ng5 31. Bg3 Nxe6 32. fxe6 Bxe6 33.
Rde2 Bd5+ 34. Nxd5 Rxe2+ 35. Rxe2 cxd5 36. Re6 Rf8 37. Re7 Kd8 38. Rh7 Re8 39. Bh4 Re2+ 40. Kf3 Rxc2 41.
Bxf6+ Ke8 42. g5 Rf2+ 43. Kg4 d4 44. Re7+ Kf8 45. Rd7 c5 46. Rxb7 Ba5 47. Rb5 1-0

[Event "*** Titled Tuesday Blitz"]
[Site "Chess.com"]
[Date "2020.05.19"]
[Round "4"]
[White "want2lose"]
[Black "Vandros57"]
[Result "1-0"]
[WhiteElo "2827"]
[BlackElo "1957"]
[TimeControl "180+1"]
[EndTime "12:41:05 PDT"]
[Termination "want2lose won on time"]

1. e4 c5 2. Nf3 e6 3. d4 cxd4 4.
Nxd4 Nc6 5. Nc3 Nf6 6. Nxc6 bxc6 7. e5 Nd5 8. Ne4 f5 9. exf6 Nxf6 10. Nd6+ Bxd6 11. Qxd6 Qb6 12. Bd3 Ba6 13. O-O Bxd3 14. cxd3 Kf7 15. Bg5 Rad8 16. Bxf6 gxf6 17. b3 c5 18. Qf4 h5 19. Rfe1 Rdg8 20. Re3 Rg4 21. Qf3 Rhg8 22. g3 h4 23. Re4 f5 24. Rc4 h3 25. Rac1 d6 26. d4 Rxd4 27. Qh5+ Kf6 28.
Qxh3 Rxc4 29. bxc4 Qb2 30. Re1 Qd2 31. Qh4+ Kf7 32.
Qh5+ Rg6 33. Rxe6 Kxe6 34. Qxg6+ Ke5 35. h4 Qe1+ 36. Kg2 Qe4+ 37. Kh2 Qf3 38. Qg7+ Ke6 39. Qb2 f4 40. Qc2 fxg3+ 41. fxg3 a5 42. Qg6+ Kd7 43. Qc2 a4 44. Qxa4+ Ke6 45. Qc2 Kd7 46. a4 Kc6 47. a5 Kb7 48. Qb2+ Kc8 49. a6 1-0

[Event "*** Titled Tuesday Blitz"]
[Site "Chess.com"]
[Date "2020.05.19"]
[Round "4"]
[White "parmupill123"]
[Black "CzechmVIII"]
[Result "1-0"]
[WhiteElo "2412"]
[BlackElo "2203"]
[TimeControl "180+1"]
[EndTime "12:41:06 PDT"]
[Termination "parmupill123 won by resignation"]

1. e4 c5 2. Nc3 Nc6 3. g3 g6 4. Bg2 Bg7 5. d3 d6 6. Be3 Nh6 7. h3 f5 8. Qd2 Nf7 9. Nge2 O-O 10. O-O Rb8 11. Kh2 Nd4 12. f4 b5 13. Rae1 b4 14. Nd1 Nxe2 15. Rxe2 fxe4 16. Bxe4 d5 17. Bg2 d4 18. Bg1 e5 19. Nf2 Bb7 20. Ne4 exf4 21. gxf4 Qc7 22. Kh1 Nh6 23. Ng5 Bxg2+ 24. Kxg2 Nf5 25.
Re4 Qc6 26. Kh2 Rfe8 27. Rfe1 h6 28. Rxe8+ Rxe8 29. Rxe8+ Qxe8 30. Ne4 Qc6 31. Bf2 Qc7 32. Kg2 a5 33. Bg3 Ne3+ 34. Kh2 Nf5 35. Qe2 Kh7 36. Nd2 Nxg3 37. Kxg3 g5 38. Qe4+ Kh8 39. Kf3 Qxf4+ 40. Qxf4 gxf4 41. Kxf4 Bf6 42. Ne4 Be7 43. Ke5 a4 44. b3 axb3 45. axb3 Kg7 46. Kd5 Kg6 47. Nxc5 Bxc5 48. Kxc5 Kf5 49. Kxd4 Kf4 50. Kc5 h5 51. d4 h4 52. d5 Kg3 53. d6 Kxh3 54. d7 Kg2 55.
d8=Q h3 56. Qg5+ Kf1 1-0

[Event "*** Titled Tuesday Blitz"]
[Site "Chess.com"]
[Date "2020.05.19"]
[Round "4"]
[White "fighter2jz"]
[Black "MFguimaraes"]
[Result "1-0"]
[WhiteElo "2757"]
[BlackElo "2509"]
[TimeControl "180+1"]
[EndTime "12:41:07 PDT"]
[Termination "fighter2jz won by resignation"]

1. e4 e5 2. Nf3 Nc6 3. Bc4 Nf6 4. d3 h6 5. c3 Be7 6. a4 O-O 7. O-O d6 8. h3 Kh8 9. Nbd2 Ng8 10. d4 f5 11. dxe5 Nxe5 12. Nxe5 dxe5 13. exf5 Bxf5 14. Qe2 Bd6 15. Bd5 c6 16. Be4 Be6 17. Nc4 Bc7 18. Bc2 Qh4 19. Nxe5 Bxe5 20. Qxe5 Bc4 21. Be3 Bxf1 22.
Rxf1 Rae8 23. Qc5 Nf6 24. Qxa7 Nd5 25. Bd4 Nf4 26. Be3 Nd5 27. Bc5 Rf6 28. Bd4 Rf7 29. Bg6 Nf4 30. Bxf7 Qg5 31. g3 Nxh3+ 32. Kg2 Nf4+ 33.
Kg1 Nh3+ 34. Kh2 Rf8 35. Qxb7 Nf4 36. Be3 Qf6 37. Bxf4 Rxf7 38. Qc8+ Kh7 39. Qe8 Qg6 40.
Re1 Qh5+ 41. Kg2 Rf5 42. Qxh5 Rxh5 43. Re5 1-0

[Event "*** Titled Tuesday Blitz"]
[Site "Chess.com"]
[Date "2020.05.19"]
[Round "4"]
[White "TheBigBadChessDad"]
[Black "LuckSlayeer"]
[Result "0-1"]
[WhiteElo "2256"]
[BlackElo "2445"]
[TimeControl "180+1"]
[EndTime "12:41:07 PDT"]
[Termination "LuckSlayeer won on time"]

1. d4 Nf6 2. Nf3 e6 3. Bf4 b6 4. e3 Bb7 5. Nbd2 Be7 6. h3 O-O 7. Bd3 c5 8. c3 d5 9. Qe2 Nc6 10. O-O Bd6 11. Bxd6 Qxd6 12. dxc5 bxc5 13. e4 Ne5 14.
Nxe5 Qxe5 15. f4 Qh5 16. Qxh5 Nxh5 17. e5 g6 18. g4 Ng7 19. b4 d4 20. bxc5 dxc3 21.
Nb3 Rfd8 22. Bb5 a6 23. Ba4 Be4 24. Rac1 Rd3 25. Kh2 h5 26. Rf2 h4 27. c6 Rc8 28.
Nc5 Rd4 29. Nxe4 Rxe4 30. Bb3 Rxc6 31. Rf3 Re2+ 32. Kg1 c2 33. Rf2 Rxf2 34. Kxf2 Ne8 35.
Rxc2 Rxc2+ 36. Bxc2 Nc7 37. Be4 Kf8 38. Ke3 Ke7 39.
Kd4 Kd7 40. a4 Ne8 41. Kc5 Kc7 42. a5 f5 43. exf6 Nxf6 44. Bxg6 Nd5 45. f5 Nf4 46. fxe6 Nxg6 0-1

[Event "*** Titled Tuesday Blitz"]
[Site "Chess.com"]
[Date "2020.05.19"]
[Round "4"]
[White "garicradomir"]
[Black "Noam_Vitenberg"]
[Result "1-0"]
[WhiteElo "2282"]
[BlackElo "2423"]
[TimeControl "180+1"]
[EndTime "12:41:07 PDT"]
[Termination "garicradomir won on time"]

1. e4 c5 2. Nf3 d6 3. Bb5+ Nd7 4. O-O a6 5. Bd3 Ngf6 6. Re1 g6 7. c3 Bg7 8. Bc2 c4 9. d4 cxd3 10. Bxd3 O-O 11. Bg5 b5 12. a4 b4 13. cxb4 Qb6 14. b5 Bb7 15. Nc3 Nc5 16. Bc2 axb5 17. axb5 Rxa1 18. Qxa1 Ra8 19. Qc1 Ng4 20. Bh4 Ne6 21.
h3 Ne5 22. Nxe5 Bxe5 23. Bxe7 Bg3 24. Qe3 Qxe3 25. Rxe3 Bf4 26. Re1 Re8 27. Bf6 Nc5 28. Re2 Be5 29. Bxe5 dxe5 30. b4 Ne6 31. Nd5 Kg7 32.
Bb3 Nd4 33. Re3 Nxb5 34. Ba4 Bc6 35. Bxb5 Bxb5 36. Nc7 Rb8 37. Rc3 Bd7 38. Rd3 Bc6 39. Rd6 Bxe4 40. f3 Bc2 41. b5 Rb7 42. b6 e4 43. Kf2 exf3 44. Kxf3 Bf5 45. g4 Bb1 46. Rd7 Kg8 47. Rd6 Ba2 48. Kf4 Bb3 49. Ke5 Kg7 50.
g5 Bc2 51. Ne8+ Kf8 52. Nf6 Bf5 53. Nxh7+ Kg7 54. Nf6 Bxh3 55. Rd8 1-0

[Event "*** Titled Tuesday Blitz"]
[Site "Chess.com"]
[Date "2020.05.19"]
[Round "4"]
[White "Akhayan"]
[Black "Titus369"]
[Result "0-1"]
[WhiteElo "2295"]
[BlackElo "2494"]
[TimeControl "180+1"]
[EndTime "12:41:08 PDT"]
[Termination "Titus369 won by resignation"]

1. d4 d5 2. Nf3 Nf6 3. g3 e6 4.
Bg2 Be7 5. O-O O-O 6. c4 dxc4 7. Ne5 Nc6 8. Bxc6 bxc6 9. Nxc6 Qe8 10. Nxe7+ Qxe7 11. Na3 e5 12. dxe5 Qxe5 13. Nxc4 Qe4 14. Qd3 Qc6 15. Ne5 Qc5 16. Nf3 Bh3 17. Be3 Qh5 18.
Rfc1 Bf5 19. Qa3 Ng4 20. Rc5 Qh3 21. Qa4 Rfe8 22. Rc4 Rxe3 23. Rxg4 Bxg4 24. fxe3 Qh5 25. Qf4 h6 26. Rf1 Re8 27. Nd4 Re7 28. b3 Bxe2 29. Nxe2 Qxe2 30. Qf2 Qxe3 31. Qxe3 Rxe3 32.
Rc1 Re7 33. Rc6 Rd7 34. Ra6 c5 35. Rc6 Rd1+ 36. Kg2 Rd2+ 37. Kf3 Rxa2 38. Rxc5 Rxh2 39. Rc8+ Kh7 40. Rc7 Rb2 41. Rxf7 Rxb3+ 42. Kg4 Rb4+ 43. Kh3 a5 44. Ra7 a4 45. Kg2 Rb2+ 46. Kg1 Ra2 47. Ra6 h5 48. Kh1 g5 49. Kg1 h4 50. gxh4 g4 51. h5 a3 52. Ra5 Kh6 53. Ra6+ Kxh5 54. Ra5+ Kh4 0-1

[Event "*** Titled Tuesday Blitz"]
[Site "Chess.com"]
[Date "2020.05.19"]
[Round "4"]
[White "CarlosAlbornoz"]
[Black "ClassyEl"]
[Result "1-0"]
[WhiteElo "2681"]
[BlackElo "2488"]
[TimeControl "180+1"]
[EndTime "12:41:09 PDT"]
[Termination "CarlosAlbornoz won on time"]

1. e4 d6 2. d4 Nf6 3. Nc3 c6 4. f4 Qa5 5. Bd3 e5 6. Nf3 Bg4 7. Be3 Qb6 8. Qd2 exf4 9. Bxf4 Bxf3 10. gxf3 Qxd4 11. O-O-O Nbd7 12. a3 Qc5 13. Be2 Be7 14. Kb1 Ne5 15. Be3 Nc4 16. Bxc4 Qxc4 17. Rhg1 g6 18.
Bd4 O-O-O 19. Bxa7 c5 20. Bb6 Rd7 21. Qd3 Qa6 22. Qb5 Nh5 23. Qxa6 bxa6 24. Nd5 Kb7 25. Ba5 Bd8 26. Bxd8 Rhxd8 27. Rd3 Kc6 28. Rgd1 Rb8 29. Ne3 Nf4 30. R3d2 f6 31. Nc4 Rbd8 32. Ne3 Ne6 33. Nd5 Rf7 34. Re1 Nd4 35. Re3 Re8 36. c3 Nb5 37. Red3 Rd8 38. a4 Na7 39. Ne3 Nc8 40. b4 Rfd7 41. Nd5 Rf7 42. Kb2 f5 43. e5 1-0

[Event "*** Titled Tuesday Blitz"]
[Site "Chess.com"]
[Date "2020.05.19"]
[Round "4"]
[White "plumalka"]
[Black "Tormoz"]
[Result "0-1"]
[WhiteElo "2481"]
[BlackElo "2669"]
[TimeControl "180+1"]
[EndTime "12:41:09 PDT"]
[Termination "Tormoz won by resignation"]

1. e4 e6 2. d4 d5 3. Nc3 Nf6 4. Bg5 Bb4 5. e5 h6 6. Be3 Ne4 7. Qg4 Kf8 8. a3 Bxc3+ 9. bxc3 c5 10. Bd3 Nxc3 11. dxc5 Nc6 12. Nf3 Qa5 13. O-O Bd7 14.
Qg3 a6 15. Nd4 Nxd4 16. Bxd4 Na4 17. Qe3 Rc8 18. f4 Nxc5 19. Rab1 Nxd3 20. cxd3 b5 21.
Rfc1 Kg8 22. Rxc8+ Bxc8 23. Rc1 Kh7 24. Bc5 d4 25. Qe4+ g6 26. Qxd4 Qd2 27. Qe3 Qa2 28. Be7 Bb7 29. Qf2 Qd5 30. Bf6 Rc8 31. Rxc8 Bxc8 32. h4 h5 33. Qa7 Bb7 34. Qf2 Qxd3 35. Kh2 Qe4 36. Qd2 Bd5 37. Qf2 a5 38. Qg3 b4 39. axb4 axb4 40. Be7 b3 41. Bf8 b2 42.
Qg5 Qxg2+ 43. Qxg2 Bxg2 44. Kxg2 b1=Q 45. Be7 Qe4+ 46. Kg3 Qe1+ 47. Kh3 Qh1+ 48. Kg3 Qg1+ 49. Kh3 Qg4+ 50. Kh2 Qxf4+ 0-1

[Event "*** Titled Tuesday Blitz"]
[Site "Chess.com"]
[Date "2020.05.19"]
[Round "4"]
[White "attack2mateU"]
[Black "r31415"]
[Result "1-0"]
[WhiteElo "2631"]
[BlackElo "2460"]
[TimeControl "180+1"]
[EndTime "12:41:09 PDT"]
[Termination "attack2mateU won by checkmate"]

1. e4 d6 2. d4 Nf6 3. Nc3 g6 4. f4 Bg7 5. Nf3 O-O 6. Bd3 Nc6 7. Be3 Ng4 8. Bg1 e5 9. d5 Ne7 10. h3 Nh6 11. fxe5 dxe5 12. Qe2 f5 13. O-O-O Nf7 14. Bf2 f4 15. g4 b6 16. g5 c5 17. dxc6 Nxc6 18.
Bb5 Qe8 19. Nd5 Bb7 20. Nc7 Qe7 21. Nxa8 Rxa8 22. h4 Nd6 23. Ba4 Na5 24. Nd2 Rc8 25. Kb1 Qc7 26. c3 Bf8 27. h5 Nf7 28. hxg6 hxg6 29.
Qg4 Nc4 30. Qh4 Bg7 31. Qh7+ Kf8 32. Nxc4 Bxe4+ 33. Ka1 Bxh1 34. Qxh1 Qxc4 35. Bb3 Qc6 36. Qh7 Rd8 37. Re1 Qf3 38. Qxg6 Rd7 39. Qe6 Re7 40.
Qc8+ Re8 41. Qf5 Re7 42. g6 Qxf2 43. Rd1 Kg8 44. Rd8+ Re8 45. Qxf7+ Kh8 46. Rxe8+ Bf8 47. Qh7# 1-0

[Event "*** Titled Tuesday Blitz"]
[Site "Chess.com"]
[Date "2020.05.19"]
[Round "4"]
[White "GoValya"]
[Black "csati17"]
[Result "0-1"]
[WhiteElo "2203"]
[BlackElo "2556"]
[TimeControl "180+1"]
[EndTime "12:41:09 PDT"]
[Termination "csati17 won on time"]

1. d4 Nf6 2. c4 g6 3. g3 Bg7 4.
Bg2 O-O 5. Nc3 c6 6. d5 cxd5 7. cxd5 d6 8. Nf3 Na6 9. O-O Bd7 10. Be3 b6 11. Nd4 Ng4 12. Bg5 h6 13. Bc1 Rc8 14.
h3 Ne5 15. f4 Nc4 16. b3 Ne3 17.
Bxe3 Rxc3 18. Bf2 Qc7 19. Rc1 Rc8 20. Nc6 Rxc1 21. Qxc1 Bxc6 22. dxc6 e6 23. Qc4 Nb8 24.
Rc1 d5 25. Qd3 Nxc6 26. e4 Qd6 27. exd5 Rd8 28. Qb5 Nd4 29. Qd3 Nf5 30. Rd1 Ne7 31. Qa6 Rd7 32. Bf3 Nxd5 33. Qc8+ Kh7 34. Kg2 Rc7 35.
Qe8 Rc2 36. Qxf7 Ne3+ 37. Kg1 Nxd1 38. Be4 Rxf2 39. Qxg6+ Kg8 40. Qe8+ Qf8 41. Qxe6+ Qf7 42. Bh7+ Kf8 43. Qd6+ Qe7 0-1

[Event "*** Titled Tuesday Blitz"]
[Site "Chess.com"]
[Date "2020.05.19"]
[Round "4"]
[White "wnstop"]
[Black "Kobalia"]
[Result "1-0"]
[WhiteElo "2628"]
[BlackElo "2794"]
[TimeControl "180+1"]
[EndTime "12:41:10 PDT"]
[Termination "wnstop won on time"]

1. e4 c6 2. d4 d5 3. e5 Bf5 4. Bd3 Bxd3 5. Qxd3 e6 6. Ne2 Qa5+ 7. c3 Qa6 8. Qd1 c5 9. O-O Nc6 10. Nd2 Nh6 11. Nf3 Nf5 12. g4 Nfe7 13. Ng3 cxd4 14. cxd4 Rc8 15. Bd2 g6 16. a3 Bg7 17. Rc1 O-O 18.
Bc3 Rc7 19. Bb4 Re8 20. Ne1 Rd7 21. Bc3 f6 22. Nd3 b6 23. f4 fxe5 24. fxe5 Nd8 25. Rf3 Rf8 26. Rc2 Rxf3 27. Qxf3 Nec6 28. Rf2 Rf7 29.
Qe3 Qc4 30. Rxf7 Nxf7 31. Nf4 Bh6 32. Nge2 Ng5 33. h4 Ne4 34. g5 Bf8 35. h5 gxh5 36. Nxe6 Bxa3 37. bxa3 Qb3 38. N6f4 Qd1+ 39. Kg2 h4 40.
Nxd5 Qc2 41. Nf6+ Nxf6 42. gxf6 Qg6+ 43. Kh2 Kf7 44. d5 1-0

[Event "*** Titled Tuesday Blitz"]
[Site "Chess.com"]
[Date "2020.05.19"]
[Round "4"]
[White "Er_is_geen_hoop_meer"]
[Black "AleksanderHnydiuk"]
[Result "1-0"]
[WhiteElo "2424"]
[BlackElo "2569"]
[TimeControl "180+1"]
[EndTime "12:41:10 PDT"]
[Termination "Er_is_geen_hoop_meer won on time"]

1. b4 e5 2. a3 d5 3. Bb2 Bd6 4. c4 c6 5. Nf3 Nd7 6. e3 Ngf6 7. Nc3 O-O 8. Qc2 Re8 9. Rc1 d4 10. Ne2 c5 11. bxc5 Nxc5 12. exd4 exd4 13. Bxd4 Bg4 14.
Ng5 h6 15. f3 Bh5 16. Nh3 Bg6 17. Qc3 Nd3+ 18. Kd1 Nxc1 19. Nxc1 Rc8 20. g4 Nd5 21.
Qb3 Nf4 22. Nf2 b6 23. h4 Bf8 24. Be3 Ne6 25. h5 Bh7 26. Ncd3 Nd4 27. Qb2 Nxf3 28. g5 Nxg5 29. Rg1 Be7 30. Bd4 Bf6 31. Bxf6 Qxf6 32.
Qxf6 gxf6 33. Nb4 Kg7 34. Nd5 Rcd8 35. Rg3 Be4 36. Ne3 Re6 37. Bh3 Re5 38. Nfg4 Re7 39. Nf2 Ree8 40. Kc1 Rd4 41. Kd1 Bh7 42. Nfg4 Red8 43.
Rg2 f5 44. Nh2 Kf6 45. Nd5+ R4xd5 46. cxd5 Rxd5 47. Nf1 Ne4 48. Kc2 Ng5 49. Rh2 f4+ 50.
Kd1 Nxh3 51. Rxh3 Bf5 52. Rc3 Kg5 53. Nh2 Bg4+ 54. Ke1 f3 55. Re3 Rf5 56. Kf2 Bxh5 57. Re7 a5 58. Rb7 Rf6 59. a4 Bg4 60. Nf1 h5 61. Rb8 h4 62. Rg8+ Kf4 63. Ne3 Be6 64. Rh8 h3 65. Rh4+ Kg5 66. Rh8 Rg6 67.
Kxf3 Kf6 68. d4 Rg1 69. d5 Bd7 70. Rh6+ Ke5 71. Nc4+ Kxd5 72. Nxb6+ Kd4 73. Nxd7 Rf1+ 74. Ke2 Rh1 75. Rh4+ 1-0

[Event "*** Titled Tuesday Blitz"]
[Site "Chess.com"]
[Date "2020.05.19"]
[Round "4"]
[White "SerGo055"]
[Black "Piotrek1979"]
[Result "1-0"]
[WhiteElo "2577"]
[BlackElo "2368"]
[TimeControl "180+1"]
[EndTime "12:41:10 PDT"]
[Termination "SerGo055 won on time"]

1. d4 Nf6 2. Nf3 d6 3. c4 Nbd7 4. g3 e5 5. Bg2 g6 6. O-O Bg7 7.
Nc3 O-O 8. b3 c6 9. Ba3 exd4 10.
Nxd4 Nc5 11. e3 a5 12. Qc2 Qe7 13. Rad1 Re8 14. Bb2 Bg4 15. Rc1 Rad8 16. h3 Bc8 17. Rfd1 h5 18. a3 Nfe4 19. Nxe4 Nxe4 20. b4 axb4 21.
axb4 Nxg3 22. fxg3 Qxe3+ 23. Qf2 c5 24. bxc5 dxc5 25.
Qxe3 Rxe3 26. Nc2 Rxd1+ 27. Rxd1 Rxg3 28. Rd8+ Kh7 29. Bxg7 Bxh3 30. Bf6 Rxg2+ 31. Kh1 g5 32. Ne3 Re2 33. Bxg5 Kg6 34. Bf4 Be6 35. Rg8+ Kf6 36.
Kg1 Rb2 37. Bg5+ Ke5 38. Rh8 Rb1+ 39. Kf2 b5 40. cxb5 Rb2+ 41. Kg3 Rb1 42. Rxh5 Rb3 43. Bf4+ Kf6 44. Rxc5 1-0

[Event "*** Titled Tuesday Blitz"]
[Site "Chess.com"]
[Date "2020.05.19"]
[Round "4"]
[White "TheoSlade"]
[Black "dougie47"]
[Result "1-0"]
[WhiteElo "2396"]
[BlackElo "2160"]
[TimeControl "180+1"]
[EndTime "12:41:10 PDT"]
[Termination "TheoSlade won on time"]

1. d4 Nf6 2. c4 e6 3. g3 d5 4.
Bg2 dxc4 5. Nf3 a6 6. O-O Nc6 7. a4 Rb8 8. a5 Bb4 9. Nbd2 c3 10. Nc4 cxb2 11. Bxb2 O-O 12. Nfe5 Nxe5 13. Nxe5 Bd6 14. Qc2 Bd7 15. Rac1 Bb5 16. Rfd1 c6 17. Bc3 Bc7 18. Qa2 Nd5 19. Be1 Qe7 20. Nc4 Rbd8 21. e4 Nf6 22.
Qb3 e5 23. Bb4 Qe6 24. Bxf8 Rxf8 25. dxe5 Bxe5 26. Qb4 Bc7 27. Na3 Re8 28. Nxb5 axb5 29. Re1 h6 30. Rcd1 Ra8 31. Ra1 Qe5 32. Bf3 Bd6 33. Qd2 Qe7 34. Kg2 Bb4 35. Qa2 Bxe1 36. Rxe1 Qb4 37. Ra1 Nxe4 38. Rb1 Nc3 39. Rxb4 Nxa2 40.
Rb2 Nc3 41. Rc2 Na4 42. Rd2 Rxa5 43. Rd8+ Kh7 44. Rd7 Kg6 45. Rxb7 Nc3 46. Bxc6 Ra2 47. Bxb5 1-0